 Dungeon Crawl Stone Soup version 0.17.0-28-g6e173f8 (webtiles) character file.

60 gorblad the Sneak (level 4, 0/26 HPs)
             Began as a Kobold Assassin on Dec 4, 2015.
             Slain by a river rat (5 damage)
             ... on level 3 of the Dungeon.
             The game lasted 00:03:51 (2284 turns).

gorblad the Sneak (Kobold Assassin)                 Turns: 2284, Time: 00:03:52

Health: 0/26       AC:  3    Str:  9    XL:     4   Next: 24%
Magic:  4/4        EV: 14    Int:  9    God:
Gold:   130        SH:  0    Dex: 18    Spells: 0 memorised, 3 levels left

rFire  + . .     SeeInvis .     a - +2 dagger
rCold  + . .     Clarity  .     c - +0 robe
rNeg   . . .     SustAt   +     (shield restricted)
rPois  +         Gourm    .     (no helmet)
rElec  +         Spirit   .     d - +0 cloak
rCorr  +         Warding  .     (no gloves)
rMut   .         Stasis   .     (no boots)
MR     .....                    (no amulet)
Stlth  ++++......               (no ring)
                                i - ring of sustain attributes

@: resistant, not resistant to hostile enchantments, stealthy
A: carnivore 3
a: no special abilities


You were on level 3 of the Dungeon.
You were completely stuffed.

You visited 1 branch of the dungeon, and saw 3 of its levels.

You collected 130 gold pieces.

Inventory:

Hand Weapons
 a - a +2 dagger (weapon)
 b - a +0 blowgun
Missiles
 e - 8 poisoned needles
 f - 2 curare-tipped needles
Armour
 c - a +0 robe (worn)
 d - a +0 cloak (worn)
Jewellery
 i - a ring of sustain attributes (left hand)
Potions
 j - a potion of heal wounds {unknown}
 k - a potion of ambrosia {unknown}
 p - a potion of magic {unknown}
 r - a potion of poison {unknown}
 t - a potion of might {unknown}
Comestibles
 g - 4 meat rations
 l - a royal jelly
 m - a chunk of flesh


   Skills:
 - Level 2.1 Fighting
 - Level 2.6 Short Blades
 - Level 2.1 Throwing
 - Level 1.2 Dodging
 * Level 7.6 Stealth


You had 3 spell levels left.
You didn't know any spells.

Dungeon Overview and Level Annotations

Branches:
Dungeon (3/15)

Altars:

Portals:
Sewer: D:3


Innate Abilities, Weirdness & Mutations

You are small and have problems with some larger weapons.
You are carnivorous and can eat meat at any time.


Message History

The river rat closely misses you. The giant cockroach bites you.
You hit the river rat but do no damage.
The river rat is severely wounded.
The giant cockroach closely misses you. The river rat bites you!
* * * LOW HITPOINT WARNING * * *
You hit the river rat.
The river rat is almost dead.
The giant cockroach closely misses you. The river rat closely misses you.
You hit the river rat but do no damage.
The river rat is almost dead.
The giant cockroach bites you but does no damage.
The river rat closely misses you. The giant cockroach misses you.
You hit the river rat but do no damage.
The river rat is almost dead.
The river rat barely misses you.
The giant cockroach completely misses you.
You closely miss the river rat.
The river rat is almost dead.
The river rat bites you.
You die...

#.# #.# #.....#
#.#####.# #.....#
#.....#.# #.....#
#####.#.#######.....#
#..#.#.............#
#..#.##....%.......#
###..#.##.######.....###
<....#.##.#≈≈≈†#r....>..
###.##.##.#≈≈≈rs@##.#.##
#....##.#≈∩≈≈#..#.# #
#######.#≈≈†≈#..# #
#.#≈≈≈≈#..# .######...
#. ..... # ......
....... #........


You could see a river rat, a giant cockroach and a rat.

Vanquished Creatures
  An ooze (D:1)
  3 giant geckos
  3 ball pythons
  8 giant cockroaches
  4 goblins
  7 hobgoblins
  A quokka (D:2)
  7 bats
  2 giant newts
  3 jackals (D:1)
  3 kobolds (D:1)
  10 rats
52 creatures vanquished.

Notes
Turn   | Place    | Note
--------------------------------------------------------------
     0 | D:1      | gorblad the Kobold Assassin began the quest for the Orb.
     0 | D:1      | Reached XP level 1. HP: 12/12 MP: 1/1
   175 | D:1      | Reached skill level 6 in Stealth
   175 | D:1      | Reached XP level 2. HP: 7/17 MP: 2/2
   756 | D:1      | Reached XP level 3. HP: 21/21 MP: 3/3
  1078 | D:1      | Reached skill level 7 in Stealth
  1861 | D:2      | Reached XP level 4. HP: 22/26 MP: 4/4
  2258 | D:3      | Found a glowing drain.
  2284 | D:3      | Slain by a river rat

Action                   |  1- 3 |  4- 6 || total
-------------------------+-------+-------++-------
Melee: Dagger            |   109 |    41 ||   150
  Use: Scroll            |     3 |     3 ||     6
       Potion            |       |     2 ||     2
 Stab: Sleeping          |    12 |     5 ||    17
  Eat: Chunk             |    11 |     2 ||    13
